 Dungeon Crawl Stone Soup version 0.25.1-2-g60ff931df9 (webtiles) character file.

Game seed: 3215724936573459833

48 pokeman the Magician (level 3, -3/20 HPs)
             Began as a Deep Elf Wizard on Oct 23, 2020.
             Slain by Robin
             ... wielding a +3 dagger of electrocution
              (13 damage)
             ... on level 2 of the Dungeon.
             The game lasted 00:03:02 (1550 turns).

pokeman the Magician (Deep Elf Wizard)              Turns: 1550, Time: 00:03:03

Health: -3/20      AC:  3    Str:  4    XL:     3   Next: 50%
Magic:  3/11       EV: 11    Int: 23    God:
Gold:   63         SH:  0    Dex: 13    Spells: 1/12 levels left

rFire    . . .     SeeInvis .   (no weapon)
rCold    . . .     Gourm    .   (no shield)
rNeg     . . .     Faith    .   h - +0 leather armour (curse)
rPois    .         Spirit   .   b - +0 hat
rElec    .         Reflect  .   (no cloak)
rCorr    .         Harm     .   (no gloves)
MR       .....                  (no boots)
Stlth    ++........             (no amulet)
HPRegen  0.06/turn              (no ring)
MPRegen  0.12/turn              (no ring)

@: very slightly contaminated
A: no striking features
a: no special abilities


You were on level 2 of the Dungeon.
You were not hungry.

You visited 1 branch of the dungeon, and saw 2 of its levels.

You collected 63 gold pieces.

Inventory:

Armour
 b - a +0 hat (worn)
 h - a cursed +0 leather armour (worn)
Jewellery
 f - an uncursed ring of ice
Scrolls
 c - 3 scrolls of remove curse {unknown}
 e - 3 scrolls of identify {unknown}
Potions
 g - a potion of curing {unknown}
Comestibles
 a - 2 chunks of flesh
 d - 4 rations


   Skills:
 + Level 0.9 Fighting
 - Level 1.0 Armour
 - Level 2.4 Dodging
 - Level 2.4 Stealth
 * Level 5.2 Spellcasting
 * Level 1.9 Conjurations
 - Level 1.1 Summonings
 - Level 1.1 Translocations
 + Level 0.0 Fire Magic


You had one spell level left.
You knew the following spells:

 Your Spells              Type           Power        Failure   Level  Hunger
a - Magic Dart            Conj           ###.         7%          1    None
b - Mephitic Cloud        Conj/Pois/Air  #.......     36%         3    ##.....
c - Call Imp              Summ           ##......     16%         2    None
d - Blink                 Tloc           N/A          16%         2    None
e - Conjure Flame         Conj/Fire      ##......     32%         3    ##.....

Your spell library contained the following spells:

 Spells                   Type           Power        Failure   Level  Hunger
 Slow                     Hex            #.......     24%         2    None


Dungeon Overview and Level Annotations

Branches:
Dungeon (2/15)

Altars:
Ashenzari

Annotations:
D:2 Robin


Message History

Robin throws the goblin at you!
Casting: Magic Dart (safe; 8% risk of failure)
Confirm with . or Enter, or press ? or * to list all spells.
Aiming: Magic Dart (safe; 8% risk of failure)
Press: ? - help, Shift-Dir - straight line, f - goblin
Aim: a goblin, wielding a +0 club (strong)
The magic dart hits the goblin.
The goblin is almost dead.
The goblin hits you with a +0 club.
Casting: Magic Dart (safe; 8% risk of failure)
Confirm with . or Enter, or press ? or * to list all spells.
Aiming: Magic Dart (safe; 8% risk of failure)
Press: ? - help, Shift-Dir - straight line, f/p - goblin
Aim: a goblin, wielding a +0 club (almost dead, strong)
The magic dart hits the goblin.
You kill the goblin!
Robin hits you with a +3 dagger of electrocution.
You are electrocuted!
Ouch! That really hurt!
You die...

g# g# #. g# #.# .#
#.# g# # #.# .# #
#.#########g# #
#.##.....@g.# #
#<#.....)#### #
#..#.#.#.# ######
#..#.#.#.#
##<..####.#.#.#.#
...>..####......#
##.......##.#.###
##.###.#.##.#.#
#..#...#..#.#.#######


You could see Robin and a goblin (strong).

Vanquished Creatures
  A gnoll (D:1)
  An ooze (D:1)
  A leopard gecko (D:1)
  9 goblins
  5 hobgoblins
  2 kobolds
  5 bats (D:1)
  A frilled lizard (D:2)
  6 rats
31 creatures vanquished.

Notes
Turn   | Place    | Note
-------+----------+-------------------------------------------
     0 | D:1      | pokeman the Deep Elf Wizard began the quest for the Orb.
     0 | D:1      | Reached XP level 1. HP: 10/10 MP: 7/7
   201 | D:1      | Reached XP level 2. HP: 15/15 MP: 0/9
   696 | D:1      | Reached skill level 5 in Spellcasting
   824 | D:1      | Reached XP level 3. HP: 4/20 MP: 2/11
   829 | D:1      | Learned a level 3 spell: Mephitic Cloud
   832 | D:1      | Learned a level 2 spell: Call Imp
   835 | D:1      | Learned a level 2 spell: Blink
   839 | D:1      | Learned a level 3 spell: Conjure Flame
  1346 | D:2      | Found a shattered altar of Ashenzari.
  1540 | D:2      | Noticed Robin
  1544 | D:2      | Reached skill level 1 in Armour
  1550 | D:2      | Slain by Robin

Illustrated notes

Levels and vault maps discovered:
D:1:      sevenhm_arrival_forest_fort_large_4, layout_rooms
D:2:      layout_loops_ring, gammafunk_temple_overflow_arena,
          evilmike_ruin_ashenzari, uniq_natasha, uniq_crazy_yiuf_cottage,
          uniq_terence, uniq_robin

Skill      XL: |  1  2  3 |
---------------+----------+-----
Spellcasting   | 5 |  5.2
Armour         | 1 |  1.0
Fighting       | |  0.9
Dodging        | |  2.4
Stealth        | |  2.4
Conjurations   | |  1.9
Summonings     | |  1.1
Translocations | |  1.1

Action                   || total
-------------------------++-------
 Cast: Magic Dart        ||    78
  Eat: Chunk             ||     2
Armor: Robe              ||     2
       Leather armour    ||     2
Dodge: Dodged            ||    11
